 Dungeon Crawl Stone Soup version 0.21.1-1-g345015fe64 (webtiles) character file.

130 Jannitor the Vexing (level 4, -6/30 HPs)
             Began as a Demonspawn Enchanter on June 11, 2018.
             Shot with an arrow by a centaur (10 damage)
             ... on level 4 of the Dungeon.
             The game lasted 00:05:42 (3593 turns).

Jannitor the Vexing (Demonspawn Enchanter)          Turns: 3593, Time: 00:05:43

Health: -6/30      AC:  6    Str: 11 (13) XL:     4   Next: 89%
Magic:  8/8        EV: 12    Int: 14 (17) God:
Gold:   180        SH:  0    Dex: 12 (14) Spells: 5/8 levels left

rFire    . . .     SeeInvis .   m - +0 dagger (speed)
rCold    + + .     Gourm    .   (no shield)
rNeg     . . .     Faith    .   b - +0 robe
rPois    .         Spirit   .   f - +0 helmet
rElec    +         Reflect  .   e - +1 cloak
rCorr    .         Harm     .   (no gloves)
MR       .....                  (no boots)
Stlth    ++........             (no amulet)
HPRegen  0.10/turn              (no ring)
MPRegen  0.11/turn              (no ring)

@: mighty, lethally poisoned (-6 -> -9)
A: yellow scales 1, cold resistance 2, deformed body, powered by pain 1,
electricity resistance, wild magic 1
a: no special abilities


You were on level 4 of the Dungeon.
You were not hungry.

You visited 1 branch of the dungeon, and saw 5 of its levels.

You collected 180 gold pieces.

Inventory:

Hand Weapons
 a - a +1 dagger
 m - a +0 dagger of speed (weapon)
Armour
 b - a +0 robe (worn)
 e - a +1 cloak (worn)
 f - a +0 helmet (worn)
Jewellery
 i - an uncursed amulet of harm
Scrolls
 g - 2 scrolls of identify
 h - 3 scrolls of remove curse
Potions
 n - a potion of degeneration
 o - a potion of haste
Books
 c - a book of Maledictions

   Spells                             Type                      Level
   a - Corona                         Hexes                        1
   b - Ensorcelled Hibernation        Hexes/Ice                    2
   c - Confuse                        Hexes                        3
   d - Tukima's Dance                 Hexes                        3
   e - Dazzling Spray                 Conjuration/Hexes            3
Comestibles
 d - 4 rations
 p - 3 chunks of flesh


   Skills:
 + Level 1.8 Short Blades
 + Level 2.4 Dodging
 + Level 3.4 Stealth
 + Level 2.7 Spellcasting
 + Level 3.5 Hexes
 + Level 1.0 Ice Magic


You had 5 spell levels left.
You knew the following spells:

 Your Spells              Type           Power        Failure   Level  Hunger
a - Corona                Hex            ###....      8%          1    #......
b - Ensorcelled Hibernat  Hex/Ice        ##....       19%         2    ###....


Dungeon Overview and Level Annotations

Branches:
Dungeon (5/15)
 Temple: D:4-7

Altars:
Ashenzari
Fedhas
Hepliaklqana
Kikubaaqudgha
Sif Muna
The Shining One

Annotations:
D:2 Natasha
D:3 Robin
D:5 whodunnit's ghost, novice OpVM


Innate Abilities, Weirdness & Mutations

You are partially covered in yellow scales. (AC +2)
Your flesh is very cold resistant. (rC++)
You sometimes gain a little power by taking damage.
Armour fits poorly on your strangely shaped body.
You are resistant to electric shocks. (rElec)
Your spells are a little harder to cast, but a little more powerful.


Message History

You hear the slow hiss of a very distant avalanche of sand.
You feel sick.
There is a stone staircase leading down, spattered with blood here.
Things that are here:
a leather armour; a club You feel sick.
You feel sick.
Found a scroll of identify.
You feel sick.
Found a war axe.
A centaur comes into view.
You feel sick.
The centaur shouts!
The centaur wields a shortbow.
The centaur shoots an arrow.
The arrow hits you!
* * * LOW HITPOINT WARNING * * *
You focus on the pain.
You feel very mighty all of a sudden.
You see here an arrow.
The centaur shoots an arrow.
The arrow hits you!
You die...

#.....# #)...c#
#.....# #.....#
#.....# ..#
#..?..# ...
#.....### ...
#####(..# ..
#...@...# .#
#.##.#..##.#
.##..#....#
..........## ...#
#...####..####
##..# #.#.
#.......# ?...# #
#....###.#.##
#...# ##..#
#.#..# ....#
#..####..#.######


You could see a centaur.

Vanquished Creatures
  Jessica (D:2)
  Natasha (D:2)
  3 adders
  A worm (D:3)
  3 dart slugs
  2 orcs
  A giant cockroach (D:1)
  14 goblins
  6 hobgoblins
  A quokka (D:2)
  2 bats
  4 frilled lizards
  2 kobolds
  3 rats
44 creatures vanquished.

Notes
Turn   | Place    | Note
-------+----------+-------------------------------------------
     0 | D:1      | Jannitor the Demonspawn Enchanter began the quest for the Orb.
     0 | D:1      | Reached XP level 1. HP: 13/13 MP: 3/3
    22 | D:1      | Reached skill level 1 in Short Blades
   344 | D:1      | Gained mutation: Your flesh is cold resistant. (rC+) [demonic ancestry]
   344 | D:1      | Reached XP level 2. HP: 19/19 MP: 5/5
   348 | D:1      | Learned a level 2 spell: Ensorcelled Hibernation
   712 | D:2      | Found an ancient bone altar of Kikubaaqudgha.
   888 | D:2      | Found a glowing golden altar of the Shining One.
   963 | D:2      | Noticed Natasha
   978 | D:2      | Killed Natasha
   978 | D:2      | Gained mutation: You are partially covered in yellow scales. (AC +2) [demonic ancestry]
   978 | D:2      | Reached XP level 3. HP: 15/24 MP: 2/6
   997 | D:2      | Noticed Natasha
   999 | D:2      | Gained mutation: You are resistant to electric shocks. (rElec) [potion of mutation]
   999 | D:2      | Gained mutation: Armour fits poorly on your strangely shaped body. [potion of mutation]
   999 | D:2      | Gained mutation: Your spells are a little harder to cast, but a little more powerful. [potion of mutation]
   999 | D:2      | Gained mutation: Your flesh is very cold resistant. (rC++) [potion of mutation]
  2231 | D:2      | Noticed Jessica
  2243 | D:2      | Killed Jessica
  2243 | D:2      | Gained mutation: You sometimes gain a little power by taking damage. [demonic ancestry]
  2243 | D:2      | Reached XP level 4. HP: 28/30 MP: 7/7
  2470 | D:2      | Found a deep blue altar of Sif Muna.
  2747 | D:3      | Found a hazy altar of Hepliaklqana.
  2872 | D:3      | Found a shattered altar of Ashenzari.
  3107 | D:3      | Found a blossoming altar of Fedhas.
  3121 | D:3      | Noticed Robin
  3428 | D:3      | You fall through a shaft for 2 floors!
  3428 | D:5      | Entered Level 5 of the Dungeon
  3493 | D:5      | Noticed a phantom
  3497 | D:5      | Reached skill level 1 in Ice Magic
  3580 | D:5      | Noticed whodunnit's ghost (novice OpVM)
  3592 | D:4      | Noticed a centaur
  3593 | D:4      | Shot with an arrow by a centaur

Skill      XL: |  1  2  3  4 |
---------------+-------------+-----
Short Blades   | 1 |  1.8
Dodging        | 2 |  2.4
Stealth        | 3 |  3.4
Ice Magic      | 1 |  1.0
Spellcasting   | |  2.7
Hexes          | |  3.5

Action                   |  1- 3 |  4- 6 || total
-------------------------+-------+-------++-------
Melee: Dagger            |   102 |   123 ||   225
 Cast: Corona            |     8 |       ||     8
       Ensorcelled Hiber |     9 |     3 ||    12
  Use: Potion            |     5 |     3 ||     8
       Scroll            |       |     5 ||     5
 Stab: Sleeping          |     7 |     8 ||    15
  Eat: Ration            |     1 |     1 ||     2
       Chunk             |       |     3 ||     3
Armor: Robe              |    22 |    12 ||    34
       Skin              |       |    92 ||    92
Dodge: Dodged            |    51 |    50 ||   101
